 Dungeon Crawl Stone Soup version 0.18.1-47-g9310371 (webtiles) character file.

186 Scarto the Skirmisher (level 5, -3/42 HPs)
             Began as a Demonspawn Fighter on June 13, 2016.
             Slain by Natasha (7 damage)
             ... on level 3 of the Dungeon.
             The game lasted 00:05:25 (2210 turns).

Scarto the Skirmisher (Demonspawn Fighter)          Turns: 2210, Time: 00:05:26

Health: -3/42      AC:  6    Str: 23    XL:     5   Next: 38%
Magic:  5/5        EV:  5    Int:  9    God:
Gold:   198        SH: 14    Dex: 12    Spells: 0 memorised, 4 levels left

rFire  . . .     SeeInvis .     a - +0 war axe
rCold  + . .     Gourm    .     b - +0 scale mail
rNeg   . . .     Faith    .     r - +0 large shield
rPois  +         Spirit   .     (no helmet)
rElec  .         Dismiss  +     (no cloak)
rCorr  .         Reflect  .     (no gloves)
SustAt .         Harm     .     (no boots)
MR     +....                    o - amulet of dismissal
Stlth  ..........               q - ring of protection from magic
                                i - ring of poison resistance

@: mighty, somewhat resistant to hostile enchantments, extremely unstealthy
A: cold resistance 1, powered by death 1
a: no special abilities


You were on level 3 of the Dungeon.
You were hungry.

You visited 1 branch of the dungeon, and saw 4 of its levels.

You collected 198 gold pieces.

Inventory:

Hand Weapons
 a - a +0 war axe (weapon)
 y - a +1 mace of crushing
Missiles
 k - 7 javelins of penetration (quivered)
Armour
 b - a +0 scale mail (worn)
 c - a +0 shield
 r - a +0 large shield (worn)
Jewellery
 e - an uncursed ring of protection from cold
 i - a ring of poison resistance (left hand)
 m - an uncursed amulet of rage
 o - an amulet of dismissal (around neck)
 q - a ring of protection from magic (right hand)
 s - an uncursed ring of protection from fire
 w - a +2 ring of dexterity
Scrolls
 z - a scroll of enchant weapon {unknown}
 A - a scroll of amnesia {unknown}
Potions
 h - a potion of magic {unknown}
 l - a potion of lignification {unknown}
 p - 2 potions of curing {unknown}
 t - a potion of heal wounds {unknown}
 u - a potion of invisibility {unknown}
 x - a potion of agility {unknown}
Books
 j - a book of Transfigurations

   Spells                             Type                      Level
   a - Irradiate                      Conjuration/Transmutation    5
   b - Statue Form                    Transmutation/Earth          6
   c - Hydra Form                     Transmutation                6
   d - Dragon Form                    Transmutation                7
Comestibles
 f - 4 bread rations
 g - 2 fruits
 n - a beef jerky
 v - 2 meat rations


   Skills:
 + Level 4.1 Fighting
 + Level 2.7 Axes
 + Level 3.5 Armour
 + Level 3.7 Shields


You had 4 spell levels left.
You didn't know any spells.

Dungeon Overview and Level Annotations

Branches:
Dungeon (4/15)
 Temple: D:4-7

Altars:
Ashenzari
Gozag
Kikubaaqudgha
Trog

Annotations:
D:3 Natasha


Innate Abilities, Weirdness & Mutations

Your flesh is cold resistant.
You regenerate a little health from kills.


Message History

You are feeling hungry.
Natasha mumbles some strange words.
You see here a scroll of teleportation.
Found 20 gold pieces.
Found 19 stones.
Natasha claws you.
* * * LOW HITPOINT WARNING * * *
Found 11 gold pieces.
There is a stone staircase leading up here.
You don't know any spells.
You block Natasha's attack.
You climb upwards.
There is a stone staircase leading down here.
Your shield prevents you from hitting Natasha.
Natasha is moderately wounded.
Natasha claws you but does no damage. You block Natasha's attack.
Your shield prevents you from hitting Natasha.
Natasha is moderately wounded.
Natasha claws you!
You die...

#...............# #.......
###...............# #.......
..†...............# #.......
.###.............## ###....... .#
##...........## ##.........
.#########.####..######..........
...# #.# ##...##..)##....... .###
#.# #..h..<....#....... _..# #.#
#.@........##...##. ^#.#### ##.#
#..........##..(##.
...#..###..####.############...(.
.###...).....(...................
......###.###...############....#
...........#..###### ####.)....
#########..........### #.....##..
#.#.#...##...###..#####..
#.#.#...###......## ##..


You could see Natasha.

Vanquished Creatures
  A worker ant (D:4)
  A hound skeleton (D:4)
  8 adders
  An ooze (D:4)
  A worm (D:2)
  A dart slug (D:4)
  2 giant geckos
  An orc (D:4)
  6 bats
  2 giant cockroaches (D:2)
  10 goblins
  8 hobgoblins
  4 jackals (D:4)
  2 quokkas
  5 giant newts
  5 kobolds
  13 rats
71 creatures vanquished.

Notes
Turn   | Place    | Note
--------------------------------------------------------------
     0 | D:1      | Scarto the Demonspawn Fighter began the quest for the Orb.
     0 | D:1      | Reached XP level 1. HP: 18/18 MP: 1/1
    83 | D:1      | Gained mutation: Your flesh is cold resistant. [demonic ancestry]
    83 | D:1      | Reached XP level 2. HP: 19/24 MP: 2/2
   888 | D:2      | Gained mutation: You regenerate a little health from kills. [demonic ancestry]
   888 | D:2      | Reached XP level 3. HP: 28/29 MP: 3/3
  1427 | D:2      | Reached XP level 4. HP: 36/37 MP: 4/4
  1585 | D:3      | Found an opulent altar of Gozag.
  1884 | D:4      | Found a bloodstained altar of Trog.
  1884 | D:4      | Found an ancient bone altar of Kikubaaqudgha.
  1945 | D:4      | Reached skill level 4 in Fighting
  2051 | D:4      | Reached XP level 5. HP: 42/42 MP: 5/5
  2061 | D:4      | Found a shattered altar of Ashenzari.
  2179 | D:4      | Noticed Natasha
  2210 | D:3      | Slain by Natasha

Skill      XL: |  1  2  3  4 |
---------------+-------------+-----
Axes           | 2 |  2.7
Shields        | 3 |  3.7
Armour         | 3 |  3.5
Fighting       | 4 |  4.1

Action                   |  1- 3 |  4- 6 || total
-------------------------+-------+-------++-------
Melee: War axe           |   123 |   151 ||   274
  Use: Scroll            |     1 |     8 ||     9
       Potion            |       |     1 ||     1
  Eat: Bread ration      |     1 |       ||     1
Armor: Scale mail        |    47 |    67 ||   114
Dodge: Dodged            |    37 |    44 ||    81
Block: Shield            |    63 |    46 ||   109
       Large shield      |       |    58 ||    58
